 Dungeon Crawl Stone Soup version 0.25-a0-544-gee0576305d (webtiles) character file.

Game seed: 14605010393113443965, levelgen mode: classic

17813 EnegeticOcto the Demolition Dwarf (level 12, -1/115 HPs)
             Began as a Deep Dwarf Fighter on Feb 20, 2020.
             Was an Elder of Makhleb.
             Slain by a cyclops (19 damage)
             ... on level 1 of the Orcish Mines.
             The game lasted 00:07:15 (7444 turns).

EnegeticOcto the Demolition Dwarf (DDFi)            Turns: 7444, Time: 00:07:16

Health: -1/115     AC: 17    Str: 24    XL:     12   Next: 22%
Magic:  8/8        EV:  9    Int: 10    God:    Makhleb [****..]
Gold:   2567       SH: 11    Dex: 12    Spells: 11/11 levels left

rFire    . . .     SeeInvis .   D - +4 war axe
rCold    . . .     Gourm    .   c - +0 kite shield
rNeg     . . .     Faith    .   h - +0 plate armour
rPois    +         Spirit   .   (no helmet)
rElec    .         Reflect  .   z - +1 cloak
rCorr    .         Harm     .   o - +0 pair of gloves
MR       +....                  (no boots)
Stlth    ..........             (no amulet)
HPRegen  0.00/turn              b - ring of poison resistance
MPRegen  0.11/turn              (no ring)

@: non-regenerating
A: damage resistance, heal wounds, sense surroundings 2, no regeneration
a: Heal Wounds, Minor Destruction, Lesser Servant of Makhleb, Major Destruction,
Renounce Religion


You were on level 1 of the Orcish Mines.
You worshipped Makhleb.
Makhleb was greatly pleased with you.
You were not hungry.

You visited 3 branches of the dungeon, and saw 13 of its levels.
You also visited: Bailey.

You collected 2567 gold pieces.

Inventory:

Hand Weapons
 a - a +0 war axe
 f - a cursed -3 mace
 D - a +4 war axe (weapon)
Missiles
 s - a throwing net (quivered)
Armour
 c - a +0 kite shield (worn)
 h - a +0 plate armour (worn)
 o - a +0 pair of gloves (worn)
 z - a +1 cloak (worn)
Jewellery
 b - a ring of poison resistance (left hand)
 E - an uncursed ring of ice {unknown}
Wands
 l - a wand of polymorph (6)
 y - a wand of flame (18)
 I - a wand of disintegration (9)
 J - a wand of enslavement (8)
Scrolls
 i - 9 scrolls of identify {@r1}
 j - 7 scrolls of teleportation {@r2}
 k - a scroll of enchant weapon
 r - a scroll of fear
 u - a scroll of amnesia
 x - a scroll of blinking {@r3}
 F - 3 scrolls of remove curse {@r6}
 G - a scroll of enchant armour {unknown}
Potions
 d - a potion of heal wounds {unknown}
 g - a potion of ambrosia
 m - 3 potions of brilliance
 n - a potion of experience {unknown}
 p - 2 potions of cancellation
 q - a potion of curing {@q1}
 t - a potion of resistance {unknown}
 v - 3 potions of mutation
 w - 2 potions of flight
 B - 3 potions of haste {unknown}
 C - 2 potions of magic {unknown}
 H - a potion of stabbing {unknown}
Comestibles
 e - 13 rations
 A - 10 chunks of flesh


   Skills:
 * Level 9.4 Fighting
 - Level 7.9(9.2) Axes
 * Level 6.7(8.2) Maces & Flails
 + Level 8.2 Armour
 + Level 7.4 Dodging
 + Level 8.4 Shields
 * Level 11.6 Invocations


You had 11 spell levels left.
You didn't know any spells.
Your spell library was empty.

Dungeon Overview and Level Annotations

Branches:
Dungeon (11/15)            Temple (1/1) D:4            Lair (0/6) D:11
    Orc (1/2) D:11         Bailey (visited)

Altars:
Ashenzari
Dithmenos
Elyvilon
Fedhas
Gozag
Kikubaaqudgha
Makhleb
Nemelex Xobeh
Okawaru
Wu Jian
The Shining One

Shops:
D:8 *   D:11 (


Innate Abilities, Weirdness & Mutations

You are resistant to damage.
You can heal yourself by infusing magical energy.
You passively map the area around you.
You do not regenerate.


Message History

The ogre hits you with a +0 giant spiked club!
You hit the ogre.
The ogre is moderately wounded.
The ogre closely misses you.
You slash the ogre!
The ogre is severely wounded.
An ogre is nearby!
An ogre is nearby!
Your plate armour prevents you from hitting the ogre.
The ogre is severely wounded.
The ogre hits you with a +0 giant spiked club!!
You are too injured to fight recklessly!
You are too injured to fight recklessly!
You are too injured to fight recklessly!
You are too injured to fight recklessly!
You are too injured to fight recklessly!
An ogre is nearby!
An ogre is nearby!
An ogre is nearby!
You are too injured to fight recklessly!
You are too injured to fight recklessly!
You are too injured to fight recklessly!
You are too injured to fight recklessly!
You hit the ogre.
The ogre is almost dead.
The ogre hits you with a +0 giant spiked club.
You slice the ogre!!
You kill the ogre!
Makhleb accepts your kill.
Things that are here:
a +0 giant spiked club; an ogre corpse You feel much better.
You butcher the ogre corpse.
A - 4 chunks of flesh (gained 2)
Things that are here:
a +0 giant spiked club; an ogre skeleton
Things that are here:
a +0 giant spiked club; an ogre skeleton
Things that are here:
a +0 giant club; an ogre corpse You butcher the ogre corpse.
A - 10 chunks of flesh (gained 6)
Things that are here:
a +0 giant club; an ogre skeleton
Things that are here:
a +0 giant club; an ogre skeleton You open the gate. 5 cyclopes come into view.
The cyclops shouts! x4
There are monsters nearby!
The cyclops throws a large rock.
The large rock barely misses you.
The cyclops throws a large rock.
The large rock hits you but does no damage.
The cyclops throws a large rock.
You block the large rock.
There is an open gate here.
You see here 2 large rocks.
You hit the cyclops.
The cyclops is lightly wounded.
The cyclops hits you!!
The cyclops throws a large rock.
The large rock barely misses you.
You hit the cyclops.
The cyclops is lightly wounded.
You hit the cyclops.
The cyclops is moderately wounded.
You hit the cyclops. x2; You block the cyclops's attack.
You hit the cyclops.
The cyclops is moderately wounded.
You hit the cyclops.
Your plate armour prevents you from hitting the cyclops.
You hit the cyclops but do no damage. The cyclops hits you.
The cyclops barely misses you.
You hit the cyclops.
The cyclops is moderately wounded.
You slash the cyclops! You hit the cyclops.
Your plate armour prevents you from hitting the cyclops.
The cyclops barely misses you. You block the cyclops's attack. x2
The cyclops throws a large rock.
The large rock hits you but does no damage.
You hit the cyclops.
The cyclops is heavily wounded.
You hit the cyclops. x2; You slash the cyclops!
The cyclops hits you but does no damage.
You block the cyclops's attack. The cyclops hits you!
You slash the cyclops!
The cyclops is severely wounded.
You slash the cyclops! You hit the cyclops. You slash the cyclops!
The cyclops hits you but does no damage.
The cyclops throws a large rock.
You block the large rock. You block the cyclops's attack.
You slash the cyclops!
You kill the cyclops!
Makhleb accepts your kill.
You feel better.
You hit the cyclops.
Your shield and plate armour prevent you from hitting the cyclops.
You slash the cyclops! The cyclops barely misses you. The cyclops hits you!!
The cyclops throws a large rock.
The large rock hits you!!
* * * LOW HITPOINT WARNING * * *
You are too injured to fight recklessly!
You block the cyclops's attack. The cyclops hits you!!
You die...

.....##...........#........##....
......)..........................
P............(...................
.................................
.................................
.................................
.................................
............###((C###............
............#..C@C..#.......P....
##..........#...C...#............
############.......####.########
* #.......#* ### ** ** >+ ,
+.......+ ,, , * ** , ####+####*
* * * , , , ,** ,, ,, ,,** * **
** ,, , , , , * , , , , , , , ,


You could see 4 cyclopes.

Vanquished Creatures
  An orc warlord (Bailey)
  An ettin (Orc:1)
  Erica (D:9)
  An unseen horror (D:11)
  2 orc knights
  Pikel (D:5)
  3 ugly things (D:11)
  A cyclops (Orc:1)
  Joseph (D:7)
  A gargoyle (D:11)
  2 trolls
  A hippogriff (D:10)
  A yak (D:7)
  3 hogs (D:7)
  A human (D:7)
  A hungry ghost (D:7)
  3 wargs (Orc:1)
  3 swamp worms (D:10)
  A water moccasin (D:10)
  20 orc warriors
  2 ice beasts (D:10)
  A phantom (D:7)
  5 black bears
  3 sky beasts
  3 slaves (D:5)
  A necrophage (D:11)
  12 ogres
  6 centaurs
  2 wolves (Orc:1)
  A big kobold (D:11)
  A wyvern zombie (D:11)
  6 bullfrogs
  4 scorpions
  11 killer bees
  4 wights (D:10)
  4 howler monkeys
  A bullfrog zombie (D:8)
  4 crimson imps
  4 centaur zombies
  6 hounds
  A quasit (D:11)
  2 jellies
  A gnoll shaman (D:4)
  A bullfrog skeleton (D:6)
  3 orc priests
  8 orc wizards
  A centaur skeleton (D:10)
  6 worker ants
  A hound skeleton (D:8)
  8 adders
  14 gnolls
  2 howler monkey skeletons
  A shadow imp (D:10)
  An ooze (D:5)
  An adder zombie (D:5)
  3 worms
  A leopard gecko (D:4)
  52 orcs
  A ball python (D:4)
  3 giant cockroaches
  24 goblins
  17 hobgoblins
  2 jackals (D:3)
  8 kobolds
  6 quokkas
  3 bats
  2 frilled lizards (D:5)
  5 rats
308 creatures vanquished.

Vanquished Creatures (collateral kills)
  A hydra (D:11)
  An orc sorcerer (Orc:1)
  A cyclops (Orc:1)
  An orc warrior (Orc:1)
4 creatures vanquished.

Vanquished Creatures (others)
  2 plants (D:10)
2 creatures vanquished.

Grand Total: 314 creatures vanquished

Notes
Turn   | Place    | Note
-------+----------+-------------------------------------------
     0 | D:1      | EnegeticOcto the Deep Dwarf Fighter began the quest for the
                  | Orb.
     0 | D:1      | Reached XP level 1. HP: 20/20 MP: 1/1
    93 | D:2      | Reached XP level 2. HP: 24/27 MP: 2/2
   245 | D:3      | Reached XP level 3. HP: 26/34 MP: 3/3
   252 | D:3      | Reached skill level 1 in Dodging
   327 | D:3      | Reached XP level 4. HP: 42/42 MP: 4/4
   506 | D:3      | Noticed an ogre
   516 | D:3      | Killed an ogre
   516 | D:3      | Reached XP level 5. HP: 28/50 MP: 5/5
   555 | D:3      | Found a shadowy altar of Dithmenos.
   601 | D:4      | Found a staircase to the Ecumenical Temple.
   617 | Temple   | Entered the Ecumenical Temple
   686 | Temple   | Became a worshipper of Makhleb the Destroyer
   747 | D:4      | Reached XP level 6. HP: 57/57 MP: 5/5
   827 | D:4      | Reached skill level 1 in Invocations
  1229 | D:5      | Entered Level 5 of the Dungeon
  1294 | D:5      | Found an opulent altar of Gozag.
  1315 | D:5      | Reached skill level 2 in Invocations
  1340 | D:5      | Noticed a slave
  1340 | D:5      | Noticed a slave
  1341 | D:5      | Noticed Pikel
  1341 | D:5      | Noticed a slave
  1342 | D:5      | Noticed a slave
  1349 | D:5      | Killed a slave
  1357 | D:5      | Killed a slave
  1358 | D:5      | Killed a slave
  1372 | D:5      | Killed Pikel
  1372 | D:5      | Reached * piety under Makhleb
  1372 | D:5      | Reached skill level 5 in Axes
  1372 | D:5      | Reached skill level 3 in Invocations
  1372 | D:5      | Reached XP level 7. HP: 63/66 MP: 6/8
  1535 | D:5      | Reached skill level 5 in Fighting
  1583 | D:5      | Reached skill level 4 in Invocations
  1583 | D:5      | Reached XP level 8. HP: 70/74 MP: 8/10
  1910 | D:6      | Reached skill level 5 in Shields
  1919 | D:6      | Reached skill level 5 in Armour
  2232 | D:6      | Reached skill level 5 in Invocations
  2775 | D:7      | Identified a scroll of acquirement
  2775 | D:7      | Identified the +1 great mace of Judgement {holy, *Rage
                  | Str+8} (You acquired it on level 7 of the Dungeon)
  2884 | D:7      | Reached skill level 6 in Invocations
  2884 | D:7      | Gained mutation: You passively map the area around you.
                  | [Deep Dwarf growth]
  2884 | D:7      | Reached XP level 9. HP: 71/82 MP: 12/12
  3112 | D:7      | Noticed Joseph
  3150 | D:7      | Killed Joseph
  3150 | D:7      | Reached skill level 7 in Invocations
  3510 | D:8      | Reached skill level 5 in Dodging
  3538 | D:8      | Found Imealeta's Assorted Antiques.
  3638 | D:8      | Reached ** piety under Makhleb
  4254 | D:9      | Reached skill level 8 in Invocations
  4254 | D:9      | Reached XP level 10. HP: 94/94 MP: 11/13
  4417 | D:9      | Noticed Erica
  4460 | D:9      | Killed Erica
  4460 | D:9      | Reached skill level 1 in Maces & Flails
  4612 | D:10     | Entered Level 10 of the Dungeon
  4673 | D:10     | Found a flagged portal.
  4690 | Bailey   | Entered a bailey
  4772 | Bailey   | Reached *** piety under Makhleb
  4929 | Bailey   | Reached skill level 9 in Invocations
  4982 | Bailey   | Noticed an orc warlord
  4982 | Bailey   | Noticed an orc knight
  5014 | Bailey   | Killed an orc warlord
  5029 | Bailey   | Killed an orc knight
  5044 | Bailey   | Reached XP level 11. HP: 80/103 MP: 12/12
  5296 | D:10     | Reached **** piety under Makhleb
  5508 | D:10     | Reached skill level 10 in Invocations
  5979 | D:11     | Found a staircase to the Lair.
  6132 | D:11     | Noticed a brown ugly thing
  6146 | D:11     | Killed a brown ugly thing
  6146 | D:11     | Reached skill level 5 in Maces & Flails
  6229 | D:11     | Killed an unseen horror
  6325 | D:11     | Found Qeunourgh's Weapon Boutique.
  6326 | D:11     | Noticed an orc knight
  6327 | D:11     | Found a staircase to the Orcish Mines.
  6357 | D:11     | Killed an orc knight
  6498 | D:11     | Noticed a cyan ugly thing
  6513 | D:11     | Killed a cyan ugly thing
  6513 | D:11     | Reached skill level 11 in Invocations
  6633 | D:11     | Noticed a cyan ugly thing
  6655 | D:11     | Killed a cyan ugly thing
  6772 | D:11     | Noticed a seven-headed hydra
  6793 | D:11     | Killed an 11-headed hydra
  6966 | Orc:1    | Entered Level 1 of the Orcish Mines
  7007 | Orc:1    | Noticed an orc sorcerer
  7016 | Orc:1    | Noticed an ettin
  7018 | Orc:1    | Reached XP level 12. HP: 64/114 MP: 11/11
  7051 | Orc:1    | Killed an ettin
  7444 | Orc:1    | Slain by a cyclops

Levels and vault maps discovered:
D:1:      dpeg_arrival_simpleton_a, layout_basic
D:2:      layout_basic, lemuel_blue_sif_altar, uniq_crazy_yiuf_cottage
D:3:      minmay_recursive_quarters, layout_basic, grunt_dithmenos_smoke
D:4:      layout_basic, minmay_temple_entry_mini_moons, minmay_parallelograms
D:5:      wad_crossroads, layout_cave_pools, first_ration, grunt_gozag_statues,
          uniq_pikel
D:6:      layout_basic
D:7:      layout_cave_pools, grunt_livestock, kennysheep_generic_room_5,
          uniq_joseph
D:8:      layout_loops_ring, serial_shops, shop
D:9:      layout_loops_ring, uniq_erica
D:10:     layout_stronghold, enter_bailey_3, worms_lemuel
D:11:     layout_loops_cross, lair_entry_dummy, orc_david_3
Temple:   roderic_octagonal_lattice_temple
Orc:1:    giant_chief_lemuel, layout_caves

Skill      XL: |  1  2  3  4  5  6  7  8  9 10 11 |
---------------+----------------------------------+-----
Fighting       | 3 4 5 7 8 9 |  9.4
Axes           | 3 4 5 6 7 |  7.9
Dodging        | 1 2 3 4 5 6 7 |  7.4
Shields        | 4 5 6 7 8 |  8.4
Armour         | 4 5 6 7 8 |  8.2
Invocations    | 3 4 6 8 9 11 | 11.6
Maces & Flails | 4 6 |  6.7

Action                   |  1- 3 |  4- 6 |  7- 9 | 10-12 || total
-------------------------+-------+-------+-------+-------++-------
Melee: War axe           |    67 |   189 |   361 |   723 ||  1340
Throw: Throwing net      |       |       |       |     2 ||     2
Invok: Lesser Servant of |       |       |       |     9 ||     9
 Abil: Heal Wounds       |     1 |     5 |    12 |    51 ||    69
Evoke: Wand              |       |       |       |     8 ||     8
  Use: Scroll            |       |       |     9 |     9 ||    18
       Potion            |       |       |       |     1 ||     1
 Stab: Distracted        |       |       |       |     2 ||     2
       Held in net/web   |       |       |       |     1 ||     1
  Eat: Chunk             |       |     2 |    14 |     9 ||    25
       Ration            |       |       |       |     1 ||     1
Armor: Scale mail        |    37 |     1 |       |       ||    38
       Chain mail        |       |   141 |   147 |       ||   288
       Plate armour      |       |       |    49 |   455 ||   504
Dodge: Dodged            |    22 |    54 |   110 |   260 ||   446
Block: Kite shield       |    48 |   150 |   211 |   500 ||   909

Table legend:
 A = Non-vault XP
 B = Vault XP
 C = Vault XP percentage of total XP
 D = Non-vault monster count
 E = Vault monster count
 F = Vault count percentage of total count
                 A         B        C        D         E       F
            +---------+---------+-------+---------+---------+-------
      Total |   13694 |   11754 |  46.2 |     202 |     107 |  34.6
            +---------+---------+-------+---------+---------+-------
        D:1 |       1 |       0 |   0.0 |       1 |       0 |   0.0
        D:2 |      24 |       0 |   0.0 |       7 |       0 |   0.0
        D:3 |     238 |      19 |   7.4 |      29 |       4 |  12.1
        D:4 |     355 |       0 |   0.0 |      21 |       0 |   0.0
        D:5 |     248 |     819 |  76.8 |      10 |       4 |  28.6
        D:6 |     627 |       0 |   0.0 |      16 |       0 |   0.0
        D:7 |     595 |    1460 |  71.0 |       8 |       6 |  42.9
        D:8 |     874 |       0 |   0.0 |      13 |       0 |   0.0
        D:9 |     409 |     923 |  69.3 |       6 |       1 |  14.3
       D:10 |    2171 |     492 |  18.5 |      28 |       7 |  20.0
       D:11 |    6730 |    1038 |  13.4 |      43 |       5 |  10.4
      Orc:1 |    1422 |    2841 |  66.6 |      20 |      11 |  35.5
     Bailey |       0 |    4162 | 100.0 |       0 |      69 | 100.0
            +---------+---------+-------+---------+---------+-------
